 Dungeon Crawl Stone Soup version 0.24-a0-57-gac335f2 (webtiles) character file.

Game seed: 220862853482174444

4212 galech the Cleaver (level 10, -11/77 HPs)
             Began as a Demonspawn Fighter on Feb 4, 2019.
             Was an Elder of Okawaru.
             Killed from afar by Joseph (24 damage)
             ... with a wand of acid (2)
             ... on level 9 of the Dungeon.
             The game lasted 00:11:02 (8023 turns).

galech the Cleaver (Demonspawn Fighter)             Turns: 8023, Time: 00:11:03

Health: -11/77     AC: 23    Str: 16    XL:     10   Next: 9%
Magic:  8/10       EV:  8    Int: 10    God:    Okawaru [****..]
Gold:   562        SH: 12    Dex: 16    Spells: 9/9 levels left

rFire    . . .     SeeInvis .   a - +0 war axe
rCold    . . .     Gourm    .   c - +0 shield
rNeg     . . .     Faith    .   C - +2 plate armour {rPois}
rPois    +         Spirit   .   p - +0 helmet
rElec    .         Reflect  .   i - +0 cloak
rCorr    .         Harm     .   (no gloves)
MR       +....     Rnd*Rage +   (no boots)
Stlth    ..........             (no amulet)
HPRegen  0.22/turn              J - +2 ring of protection
MPRegen  0.12/turn              k - +2 ring of protection

@: heroism
A: talons 2, berserk 1, demonic guardian 2, magic resistance 1, rot immunity
a: Heroism, Renounce Religion


You were on level 9 of the Dungeon.
You worshipped Okawaru.
Okawaru was greatly pleased with you.
You were not hungry.

You visited 1 branch of the dungeon, and saw 9 of its levels.
You also visited: Ossuary.

You collected 562 gold pieces.

Inventory:

Hand Weapons
 a - a +0 war axe (weapon)
 q - a +4 dagger of flaming
 L - a +1 hand axe of chopping
 N - a +1 scimitar of flaming
Armour
 c - a +0 shield (worn)
 i - a +0 cloak (worn)
 p - a +0 helmet (worn)
 C - a +2 plate armour of poison resistance (worn)
 M - the +0 ring mail "Hieb" {-Tele *Corrode rC+++ Dex+3}
   (You found it on level 7 of the Dungeon)

   It affects your dexterity (+3).
   It renders you almost immune to cold.
   It prevents most forms of teleportation.
   It may corrode you when you take damage.
Jewellery
 k - a +2 ring of protection (right hand)
 t - an uncursed ring of poison resistance
 G - a +2 ring of intelligence
 J - a +2 ring of protection (left hand)
Wands
 v - a wand of flame (9)
 y - a wand of iceblast (7)
 F - a wand of random effects (23)
 I - a wand of digging (12)
Scrolls
 b - a scroll of immolation {unknown}
 l - 3 scrolls of amnesia
 m - 5 scrolls of remove curse
 n - 2 scrolls of blinking
 o - 6 scrolls of enchant armour
 r - 8 scrolls of identify
 s - 6 scrolls of teleportation {unknown}
 A - 4 scrolls of enchant weapon {unknown}
 B - 3 scrolls of magic mapping
 D - a scroll of fear {unknown}
 E - a scroll of random uselessness {unknown}
Potions
 d - 5 potions of might
 e - 5 potions of lignification
 g - a potion of flight
 h - 6 potions of curing
 j - 3 potions of heal wounds
 u - a potion of degeneration {unknown}
 w - a potion of invisibility {unknown}
 x - 4 potions of brilliance {unknown}
 z - 3 potions of berserk rage {unknown}
 K - a potion of cancellation {unknown}
Comestibles
 f - 8 rations
 H - 6 chunks of flesh


   Skills:
 + Level 6.7(11.7) Fighting
 + Level 9.3(14.3) Axes
 + Level 5.8(10.8) Armour
 + Level 2.8(7.8) Dodging
 + Level 1.4(6.4) Stealth
 + Level 5.8(10.8) Shields
 + Level 0.2 Invocations


You had 9 spell levels left.
You didn't know any spells.
Your spell library was empty.

Dungeon Overview and Level Annotations

Branches:
Dungeon (9/15)             Temple (0/1) D:4            Lair (0/6) D:8
    Orc (0/2) D:9

Altars:
Ashenzari
Cheibriados
Gozag
Makhleb
Okawaru
Ru
Sif Muna
Vehumet

Shops:
D:8 *

Annotations:
D:9 Joseph


Innate Abilities, Weirdness & Mutations

You have razor-sharp toenails.
A demonic guardian rushes to your aid.
You are immune to rotting.
You tend to lose your temper in combat.
You are resistant to hostile enchantments. (MR+)


Message History

Joseph shouts, "Return immediately or I'll kill you!"
Joseph shoots a sling bullet.
The sling bullet hits your ice devil.
Your ice devil hits Joseph!
Your ice devil freezes Joseph!
You swap places.
Joseph unwields a +0 hunting sling.
Joseph wields a +0 quarterstaff.
Joseph hits you with a +0 quarterstaff!
* * * LOW HITPOINT WARNING * * *
You see here a sling bullet.
Unknown command.
You slice Joseph!! You claw Joseph, but do no damage.
Joseph is severely wounded.
Joseph barely misses you.
You closely miss Joseph. You claw Joseph, but do no damage.
Joseph is severely wounded.
Unknown command.
Your plate armour prevents you from hitting Joseph.
Your kick misses Joseph.
Joseph is severely wounded.
Your ice devil completely misses Joseph.
Joseph zaps a wand.
The bolt of acid hits you!!
You die...

,,,,,,,,**,,***.....,* *,,,,,,
,,,,,,,,+,,** *,...,,* *,,,,,,
,,,,,,,,**** **#'#*** *,,,,,,
,******** #.# ****+** ,,>******
#.# ****,,* ,,,,,,,,* #.# *,,,,**
,,,,,,,,* #.# *,**** ,,,,,,,,*
#######@#### ##+###### ,,,,,,,,*
#...(.@4...####........
,,,,,,,,**#.........)...'........
,,,,,,,,+............####...<....
,,,,,,,,###..........# #........
,,,,,,,,* #..........# #........
,,,,,,,,* ####.####### ####+####
********* #..,** *,* ,*** ###,,**
*,**** ,,,* **,,* *,,,,*


You could see Joseph and a friendly ice devil.

Vanquished Creatures
  Sigmund (D:2)
  Menkaure (D:7)
  An orc warrior (D:4)
  2 ogres
  A centaur (D:8)
  A crocodile (D:8)
  A big kobold (D:8)
  A wyvern zombie (D:7)
  2 bullfrogs
  2 scorpions (D:6)
  2 howler monkeys (D:5)
  5 bullfrog zombies
  3 crimson imps
  2 jellies (D:4)
  2 orc priests (D:5)
  2 hounds (D:8)
  A centaur skeleton (D:7)
  A centaur zombie (Ossuary)
  A bullfrog skeleton (D:4)
  2 orc wizards (D:4)
  12 mummies (Ossuary)
  An iguana (D:8)
  Crazy Yiuf (D:3)
  Ijyb (D:3)
  Terence (D:2)
  3 worker ants
  2 killer bee zombies
  2 hound zombies (Ossuary)
  2 worker ant zombies (Ossuary)
  Robin (D:2)
  A howler monkey skeleton (D:5)
  7 adders
  An ooze (D:5)
  An adder zombie (Ossuary)
  An adder skeleton (D:8)
  3 worms
  A dart slug (D:6)
  4 leopard geckos
  14 orcs
  2 ball pythons
  7 bats
  10 giant cockroaches
  13 goblins
  11 hobgoblins
  11 jackals
  11 kobolds
  2 quokkas
  4 frilled lizards
  A giant cockroach zombie (Ossuary)
  A jackal zombie (Ossuary)
  2 leopard gecko zombies (Ossuary)
  A quokka skeleton (D:5)
  2 quokka zombies (Ossuary)
  8 rats
179 creatures vanquished.

Vanquished Creatures (collateral kills)
  Erica (D:8)
  A two-headed ogre (D:9)
  An elephant (D:8)
  Grinder (D:3)
  A hippogriff (D:8)
  A basilisk (D:8)
  A black bear (D:6)
  An ogre (D:7)
  A centaur (D:7)
  2 bullfrogs
  A water moccasin zombie (Ossuary)
  A centaur zombie (Ossuary)
  A bullfrog zombie (Ossuary)
  An orc wizard (D:4)
  2 orc priests (D:4)
  Jessica (D:3)
  A worker ant (D:4)
  A mummy (Ossuary)
  4 orcs (D:7)
  A quokka (D:8)
25 creatures vanquished.

Vanquished Creatures (others)
  2 withered plants (Ossuary)
2 creatures vanquished.

Grand Total: 206 creatures vanquished

Notes
Turn   | Place    | Note
-------+----------+-------------------------------------------
     0 | D:1      | galech the Demonspawn Fighter began the quest for the Orb.
     0 | D:1      | Reached XP level 1. HP: 18/18 MP: 1/1
   129 | D:1      | Gained mutation: You are immune to rotting. [demonic
                  | ancestry]
   129 | D:1      | Reached XP level 2. HP: 16/24 MP: 2/2
   131 | D:1      | Reached skill level 2 in Axes
   635 | D:2      | Reached XP level 3. HP: 24/29 MP: 3/3
   861 | D:2      | Noticed Robin
   872 | D:2      | Killed Robin
  1089 | D:2      | Gained mutation: You have sharp toenails. [demonic
                  | ancestry]
  1089 | D:2      | Reached XP level 4. HP: 35/35 MP: 4/4
  1136 | D:2      | Noticed Terence
  1148 | D:2      | Killed Terence
  1148 | D:2      | Reached skill level 3 in Axes
  1168 | D:2      | Found a faded altar of an unknown god.
  1297 | D:2      | Noticed Sigmund
  1304 | D:2      | Killed Sigmund
  1304 | D:2      | Reached skill level 4 in Axes
  1304 | D:2      | Reached skill level 1 in Dodging
  1304 | D:2      | Gained mutation: A weak demonic guardian rushes to your
                  | aid. [demonic ancestry]
  1304 | D:2      | Reached XP level 5. HP: 29/41 MP: 5/5
  1477 | D:2      | Found a sacrificial altar of Ru.
  1477 | D:2      | Found an opulent altar of Gozag.
  1481 | D:2      | Found a burning altar of Makhleb.
  1709 | D:2      | Reached XP level 6. HP: 47/47 MP: 6/6
  1834 | D:3      | Noticed Grinder
  1853 | D:3      | Killed Grinder
  2103 | D:3      | Found an iron altar of Okawaru.
  2114 | D:3      | Became a worshipper of Warmaster Okawaru
  2166 | D:3      | Noticed Ijyb
  2181 | D:3      | Killed Ijyb
  2297 | D:3      | Noticed Jessica
  2304 | D:3      | Found a deep blue altar of Sif Muna.
  2336 | D:3      | Killed Jessica
  2336 | D:3      | Reached skill level 5 in Axes
  2742 | D:3      | Found a runed translucent door.
  2743 | D:3      | Noticed Crazy Yiuf
  2756 | D:3      | Gained mutation: You tend to lose your temper in combat.
                  | [potion of mutation]
  2756 | D:3      | Gained mutation: You are resistant to hostile enchantments.
                  | (MR+) [potion of mutation]
  2762 | D:3      | Paralysed by Crazy Yiuf for 5 turns
  2768 | D:3      | Killed Crazy Yiuf
  3268 | D:4      | Found a staircase to the Ecumenical Temple.
  3276 | D:4      | Gained mutation: A demonic guardian rushes to your aid.
                  | [demonic ancestry]
  3276 | D:4      | Reached XP level 7. HP: 49/53 MP: 7/7
  3308 | D:4      | Found a sand-covered staircase.
  3313 | Ossuary  | Entered an ossuary
  3628 | Ossuary  | Reached skill level 6 in Axes
  3763 | Ossuary  | Reached * piety under Okawaru
  3885 | Ossuary  | Reached XP level 8. HP: 31/60 MP: 8/8
  4675 | D:4      | Reached skill level 1 in Stealth
  4945 | D:5      | Entered Level 5 of the Dungeon
  5028 | D:5      | Reached ** piety under Okawaru
  5093 | D:5      | Found a radiant altar of Vehumet.
  5115 | D:5      | Reached skill level 7 in Axes
  5299 | D:5      | Found a shattered altar of Ashenzari.
  6192 | D:6      | Reached skill level 5 in Fighting
  6207 | D:6      | Reached skill level 5 in Shields
  6217 | D:6      | Found a snail-covered altar of Cheibriados.
  6243 | D:6      | Reached skill level 5 in Armour
  6243 | D:6      | Reached XP level 9. HP: 55/68 MP: 9/9
  6586 | D:7      | Noticed Menkaure
  6594 | D:7      | Killed Menkaure
  6594 | D:7      | Reached *** piety under Okawaru
  6774 | D:7      | Reached skill level 8 in Axes
  6809 | D:7      | Got a scorched ring mail
  6823 | D:7      | Identified the cursed +0 ring mail "Hieb" {-Tele *Corrode
                  | rC+++ Dex+3} (You found it on level 7 of the Dungeon)
  7242 | D:8      | Noticed an elephant
  7243 | D:8      | Found a staircase to the Lair.
  7255 | D:8      | Killed an elephant
  7486 | D:8      | Found Zebbuhog's Assorted Antiques.
  7543 | D:8      | Noticed Erica
  7552 | D:8      | Killed Erica
  7552 | D:8      | Reached **** piety under Okawaru
  7552 | D:8      | Reached skill level 9 in Axes
  7983 | D:9      | Noticed a two-headed ogre
  7995 | D:9      | Killed a two-headed ogre
  7995 | D:9      | Gained mutation: You have razor-sharp toenails. [demonic
                  | ancestry]
  7995 | D:9      | Reached XP level 10. HP: 34/77 MP: 10/10
  8005 | D:9      | Noticed Joseph
  8023 | D:9      | Killed from afar by Joseph

Vault maps used:
D:1:      scummos_arrival_simple_crosswalls, serial_curves, eino_curves_01,
          eino_curves_01, eino_curves_01, minmay_heptomino_d4
D:2:      minitemple, chequers_ecumenical_altar_simple, uniq_sigmund,
          uniq_robin, uniq_terence
D:3:      old_standard_altar, first_ration, minivault_23,
          hangedman_abyss_or_decor_stabs, tgw_sif, uniq_crazy_yiuf_cottage,
          uniq_grinder, uniq_ijyb
D:4:      minmay_temple_entry_overgrown, enter_ossuary_2
D:5:      nicolae_overflow_crystal_walls, evilmike_ruin_ashenzari
D:6:      kennysheep_slug_shrine
D:7:      uniq_menkaure
D:8:      david_lair_generic, serial_shops, kennysheep_mini, uniq_erica
D:9:      orc_0_dummy, enter_bailey_2, minmay_fountain_box, uniq_joseph
Ossuary:  ossuary_zaba_flooded

Skill      XL: |  1  2  3  4  5  6  7  8  9 |
---------------+----------------------------+-----
Shields        | 3 4 5 |  5.8
Axes           | 2 4 5 6 7 9 |  9.3
Armour         | 3 4 5 |  5.8
Dodging        | 1 2 |  2.8
Fighting       | 4 5 6 |  6.7
Stealth        | 1 |  1.4
Invocations    | |  0.2

Action                   |  1- 3 |  4- 6 |  7- 9 | 10-12 || total
-------------------------+-------+-------+-------+-------++-------
Melee: War axe           |   141 |   105 |   441 |     3 ||   690
       Kick              |       |    23 |   148 |     2 ||   173
Invok: Heroism           |       |       |     1 |     1 ||     2
  Use: Scroll            |       |     7 |     3 |       ||    10
       Potion            |       |     5 |       |       ||     5
 Stab: Distracted        |       |       |     1 |       ||     1
  Eat: Chunk             |     1 |     7 |    12 |     1 ||    21
       Ration            |       |       |     1 |       ||     1
Armor: Scale mail        |    83 |    39 |    57 |       ||   179
       Skin              |       |     9 |       |       ||     9
       Plate armour      |       |       |   154 |       ||   154
Dodge: Dodged            |    43 |    50 |   104 |     2 ||   199
Block: Shield            |    92 |    37 |   207 |       ||   336

Table legend:
 A = Non-vault XP
 B = Vault XP
 C = Vault XP percentage of total XP
 D = Non-vault monster count
 E = Vault monster count
 F = Vault count percentage of total count
                 A         B        C        D         E       F
            +---------+---------+-------+---------+---------+-------
      Total |    3328 |    2690 |  44.7 |     144 |      60 |  29.4
            +---------+---------+-------+---------+---------+-------
        D:1 |      29 |       6 |  17.1 |      17 |       3 |  15.0
        D:2 |      51 |     294 |  85.2 |      19 |      14 |  42.4
        D:3 |      53 |     264 |  83.3 |      18 |       4 |  18.2
        D:4 |     441 |       0 |   0.0 |      17 |       0 |   0.0
        D:5 |     371 |       0 |   0.0 |      19 |       0 |   0.0
        D:6 |     688 |       4 |   0.6 |      20 |       1 |   4.8
        D:7 |     406 |     146 |  26.4 |      12 |       1 |   7.7
        D:8 |     595 |    1192 |  66.7 |      21 |       5 |  19.2
        D:9 |     694 |       0 |   0.0 |       1 |       0 |   0.0
    Ossuary |       0 |     784 | 100.0 |       0 |      32 | 100.0
            +---------+---------+-------+---------+---------+-------
